 Dungeon Crawl Stone Soup version 0.28.0 (webtiles) character file.

Game seed: 7031632808245060055

7184 Strat the Grappler (level 10, -4/102 HPs)
             Began as a Troll Fighter on Feb 9, 2022.
             Was a Believer of Makhleb.
             Slain by a wolf (9 damage)
             ... on level 1 of the Lair of Beasts.
             The game lasted 00:23:26 (4795 turns).

Strat the Grappler (Troll Fighter)                  Turns: 4795, Time: 00:23:27

Health: -4/102     AC:  6    Str: 31    XL:     10   Next: 86%
Magic:  9/9        EV: 15    Int:  4    God:    Makhleb [**....]
Gold:   417        SH:  7    Dex: 11    Spells: 9/9 levels left

rFire   . . .      SeeInvis .     - Unarmed
rCold   . . .      Faith    .   b - +0 kite shield
rNeg    . . .      Spirit   .   m - +0 robe "Somueduo" {Str+3}
rPois   .          Reflect  .   (helmet restricted)
rElec   .          Harm     .   n - +1 cloak
rCorr   .          Rampage  .   (gloves unavailable)
Will    .....                   (boots unavailable)
Stlth   +.........              (no amulet)
HPRegen 1.07/turn               l - +4 ring of evasion
MPRegen 0.11/turn               (no ring)

@: studying Dodging
A: large, unfitting armour, claws 3, regeneration 1, shaggy fur 1, tough skin 1
a: Renounce Religion, Minor Destruction


You were on level 1 of the Lair of Beasts.
You worshipped Makhleb.
Makhleb was pleased with you.
You visited 3 branches of the dungeon, and saw 13 of its levels.

You collected 417 gold pieces.

Inventory:

Hand Weapons
 g - a +0 flail
Missiles
 h - 217 stones (quivered)
 q - 16 poisoned darts
 u - 8 javelins
Armour
 a - a +0 robe
 b - a +0 kite shield (worn)
 m - the +0 robe "Somueduo" (worn) {Str+3}
   (You found it on level 6 of the Dungeon)

   Str:       It affects your strength (+3).
 n - a +1 cloak (worn)
Jewellery
 l - a +4 ring of evasion (left claw)
Wands
 r - a wand of flame (12)
 w - a wand of charming (5)
Scrolls
 k - 2 scrolls of noise
 v - a scroll of brand weapon
Potions
 c - a potion of might
 d - 2 potions of mutation
 e - a potion of flight
 f - a potion of lignification
 j - a potion of invisibility {unknown}
 o - 2 potions of berserk rage {unknown}
 p - a potion of cancellation {unknown}


   Skills:
 + Level 7.4 Fighting
 - Level 10.0 Dodging
 + Level 2.9 Shields
 + Level 12.1 Unarmed Combat


You had 9 spell levels left.
You didn't know any spells.
Your spell library contained the following spells:

 Spells                   Type           Power      Damage    Failure   Level
 Beastly Appendage        Tmut           0%         N/A       80%         1
 Searing Ray              Conj           0%         2d4       91%         2
 Wereblood                Tmut           0%         N/A       91%         2
 Spider Form              Tmut/Pois      0%         N/A       99%         3
 Stone Arrow              Conj/Erth      0%         3d7       99%         3
 Animate Armour           Summ/Erth      0%         N/A       100%        4
 Summon Ice Beast         Ice/Summ       0%         N/A       100%        4
 Blade Hands              Tmut           0%         N/A       100%        5
 Irradiate                Conj/Tmut      0%         3d13      100%        5
 Summon Mana Viper        Hex/Summ       0%         N/A       100%        5
 Monstrous Menagerie      Summ           0%         N/A       100%        7
 Lehudib's Crystal Spear  Conj/Erth      0%         10d2      100%        8


Dungeon Overview and Level Annotations

Branches:
Dungeon (9/15)             Temple (1/1) D:6            Lair (3/6) D:8
 Spider (0/4) Lair:2
  Swamp: Lair:2-4    Shoals: Lair:2-4       Orc: D:9-12

Altars:
Cheibriados
Dithmenos
Elyvilon
Fedhas
Hepliaklqana
Kikubaaqudgha
Makhleb
Nemelex Xobeh
Okawaru
Qazlal
Sif Muna
Trog
Uskayaw
Vehumet
Wu Jian
Xom
Yredelemnul
Zin
The Shining One

Annotations:
D:7 2 transporters, exclusion: ice statue, HallandMoats's ghost, amateur FoFi
D:8 Grum
Lair:1 Fannar


Innate Abilities, Weirdness & Mutations

You are too large for most types of armour.
You have claws for hands.
Your natural rate of healing is unusually fast.
You are covered in fur. (AC +1)
You have tough skin. (AC +1)


Message History

You feel better. The wolf completely misses you. The wolf bites you.
* * * LOW HITPOINT WARNING * * *
The wolf misses you. The wolf barely misses you. The wolf closely misses you.
The wolf barely misses you. You block the wolf's attack. The wolf bites you.
* * * LOW HITPOINT WARNING * * *
The wolf misses you. The wolf misses you. The wolf bites you!
* * * LOW HITPOINT WARNING * * *
The wolf bites you but does no damage. The wolf misses you.
Something bites the plant.
The plant begins to die.
You block the wolf's attack. The wolf barely misses you. The wolf bites you!
* * * LOW HITPOINT WARNING * * *
You block the wolf's attack. x2
A nearby plant withers and dies.
The wolf misses you. The wolf barely misses you. The wolf bites you!
* * * LOW HITPOINT WARNING * * *
The wolf bites you.
* * * LOW HITPOINT WARNING * * *
The wolf bites you!
* * * LOW HITPOINT WARNING * * *
The wolf barely misses you. The wolf closely misses you. The wolf misses you.
The wolf bites you.
* * * LOW HITPOINT WARNING * * *
There is a stone staircase leading up here.
The wolf barely misses you. You block the wolf's attack. x2
You climb upwards.
Level annotation: Fannar
There is a stone staircase leading down here.
Okay, then.
You barely miss the wolf. The wolf bites you but does no damage.
You block the wolf's attack. The wolf bites you!
You die...

#. #...## #.
#.... .#.
##...### ...
#...... #.
#..... ##.
#P..# #.. #.h.#
##.. ###.@.##
.. ###...
##(.h...####..
#.....
#........#....
......
##.............
......
#..............
......
##.............
#....
#.............
#....
#........###..
#...#
#..........# .
###.#


You could see 2 wolves.

Vanquished Creatures
  2 black mambas (Lair:1)
  2 cane toads
  A rime drake (Lair:2)
  2 komodo dragons
  A polar bear (Lair:1)
  5 blink frogs (Lair:2)
  5 yaks
  3 basilisks
  A steam dragon (D:7)
  6 water moccasins
  A black bear (Lair:2)
  A necrophage (D:6)
  4 wolves
  A centaur (D:8)
  2 kobold brigands (D:8)
  2 phantoms
  5 bullfrogs
  2 gnoll sergeants (D:9)
  A scorpion (D:6)
  A howler monkey (D:9)
  2 centaur zombies
  A jelly (D:8)
  2 hounds (D:5)
  A centaur skeleton (D:7)
  A gnoll shaman (D:8)
  An orc priest (D:9)
  An iguana (D:6)
  Ijyb (D:3)
  Natasha (D:2)
  4 orc wizards
  A hell rat (D:8)
  A killer bee zombie (D:7)
  Robin (D:3)
  17 gnolls
  3 adders
  2 white imps
  An ufetubus (D:5)
  2 worms (D:9)
  A dart slug (D:4)
  20 orcs
  3 ball pythons
  2 bats (D:2)
  4 endoplasms
  3 giant cockroaches
  13 goblins
  6 hobgoblins
  3 jackals (D:2)
  9 kobolds
  3 quokkas (D:8)
  3 frilled lizards (D:2)
  6 rats
167 creatures vanquished.

Vanquished Creatures (others)
  5 fungi
  21 plants
26 creatures vanquished.

Grand Total: 193 creatures vanquished

Notes
Turn   | Place    | Note
-------+----------+-------------------------------------------
     0 | D:1      | Strat the Troll Fighter began the quest for the Orb.
     0 | D:1      | Reached XP level 1. HP: 22/22 MP: 0/0
   338 | D:1      | Reached XP level 2. HP: 29/29 MP: 1/1
   419 | D:2      | Reached skill level 3 in Unarmed Combat
   428 | D:2      | Found a glowing silver altar of Zin.
   450 | D:2      | Identified the +6 trident of Racro {vorpal, Int+6 Dex+5
                  | Stlth+}
   490 | D:2      | Noticed Natasha
   513 | D:2      | Noticed a crimson imp
   544 | D:2      | Reached XP level 3. HP: 36/36 MP: 2/2
   694 | D:3      | Noticed Ijyb
   694 | D:3      | Noticed Robin
   767 | D:2      | Killed Natasha
   768 | D:2      | Reached skill level 4 in Unarmed Combat
   780 | D:2      | Reached XP level 4. HP: 44/44 MP: 3/3
   874 | D:3      | Killed Ijyb
   889 | D:3      | Killed Robin
   913 | D:3      | Reached skill level 5 in Unarmed Combat
  1275 | D:4      | Noticed a phantom
  1308 | D:4      | Killed a phantom
  1309 | D:4      | Reached XP level 5. HP: 53/53 MP: 4/4
  1494 | D:5      | Entered Level 5 of the Dungeon
  1497 | D:5      | Noticed a phantom
  1510 | D:5      | Killed a phantom
  1511 | D:5      | Reached skill level 6 in Unarmed Combat
  1511 | D:5      | Reached XP level 6. HP: 52/61 MP: 5/5
  1521 | D:5      | Noticed a sky beast
  1541 | D:5      | Identified a scroll of acquirement
  1541 | D:5      | Acquired a manual of Dodging
  1562 | D:5      | Found a radiant altar of Vehumet.
  1618 | D:5      | You fall into a shaft and drop 3 floors!
  1738 | D:7      | Noticed a steam dragon
  1743 | D:6      | Found a snail-covered altar of Cheibriados.
  1781 | D:6      | Found a staircase to the Ecumenical Temple.
  1807 | D:6      | Reached skill level 7 in Unarmed Combat
  1807 | D:6      | Reached XP level 7. HP: 60/67 MP: 6/6
  1815 | Temple   | Entered the Ecumenical Temple
  1910 | Temple   | Became a worshipper of Makhleb the Destroyer
  2070 | D:6      | Identified the +0 robe "Somueduo" {Str+3}
  2201 | D:7      | Noticed HallandMoats's ghost (amateur FoFi)
  2206 | D:7      | Noticed a kobold demonologist
  2207 | D:7      | Noticed a two-headed ogre
  2208 | D:7      | Noticed an ice statue
  2221 | D:7      | Found an iron altar of Okawaru.
  2344 | D:7      | Found a transporter.
  2352 | D:7      | Found a transporter.
  2379 | D:7      | Killed a steam dragon
  2380 | D:7      | Reached skill level 5 in Dodging
  2454 | D:8      | Noticed Grum
  2486 | D:7      | Reached skill level 8 in Unarmed Combat
  2489 | D:7      | Reached XP level 8. HP: 42/75 MP: 7/7
  2711 | D:8      | Reached * piety under Makhleb
  2764 | D:8      | Reached skill level 9 in Unarmed Combat
  2879 | D:8      | Found a stormy altar of Qazlal.
  2879 | D:8      | Found an ornate altar of the Wu Jian Council.
  3105 | D:8      | Noticed a death yak
  3105 | D:8      | Noticed a death yak
  3351 | D:9      | Noticed a moth of wrath
  3354 | D:9      | Found a bloodstained altar of Trog.
  3503 | D:8      | Reached ** piety under Makhleb
  3528 | D:8      | Found a staircase to the Lair.
  3568 | Lair:1   | Entered Level 1 of the Lair of Beasts
  3580 | Lair:1   | Got the Reference Book on Transformation and Confrontation
  3607 | Lair:1   | You fall into a shaft and drop 1 floor!
  3617 | Lair:2   | Reached XP level 9. HP: 85/85 MP: 8/8
  3686 | Lair:1   | Noticed a komodo dragon
  3686 | Lair:1   | Noticed a black mamba
  3692 | Lair:1   | Killed a komodo dragon
  3693 | Lair:1   | Reached skill level 10 in Unarmed Combat
  3698 | Lair:1   | Killed a black mamba
  3735 | Lair:1   | Noticed a black mamba
  3742 | Lair:1   | Killed a black mamba
  3743 | Lair:1   | Reached skill level 5 in Fighting
  3762 | Lair:1   | Noticed a cane toad
  3774 | Lair:1   | Killed a cane toad
  3834 | Lair:1   | Noticed a polar bear
  3845 | Lair:1   | Killed a polar bear
  3861 | Lair:1   | Noticed Fannar
  3997 | Lair:2   | Reached XP level 10. HP: 95/98 MP: 9/9
  4096 | Lair:2   | Reached skill level 11 in Unarmed Combat
  4135 | Lair:2   | Noticed a cane toad
  4155 | Lair:2   | Reached skill level 10 in Dodging
  4164 | Lair:2   | Killed a cane toad
  4192 | Lair:2   | Found a hole to the Spider Nest.
  4424 | Lair:2   | Reached skill level 12 in Unarmed Combat
  4495 | Lair:3   | Noticed a seven-headed hydra
  4534 | Lair:3   | Noticed a six-headed hydra
  4558 | Lair:3   | Noticed a death yak
  4559 | Lair:3   | Noticed a death yak
  4560 | Lair:3   | Noticed a death yak
  4560 | Lair:3   | Noticed a death yak
  4564 | Lair:3   | Noticed a death yak
  4670 | Lair:3   | Noticed a death yak
  4670 | Lair:3   | Noticed a death yak
  4670 | Lair:3   | Noticed a death yak
  4716 | Lair:3   | Noticed a cane toad
  4748 | Lair:2   | HP: 5/102 [wolf (3)]
  4760 | Lair:2   | HP: 4/102 [water moccasin (6)]
  4792 | Lair:2   | HP: 2/102 [wolf (6)]
  4795 | Lair:1   | Slain by a wolf

Illustrated notes

Levels and vault maps discovered:
D:1:      beargit_arrival_diablo_church, layout_loops_ring,
          hellmonk_ecumenical_altar_prayer_group, serial_bayou_pond_e
D:2:      layout_basic, basic_altar, uniq_natasha
D:3:      layout_basic, mainiacjoe_overflow_small_starburst, uniq_grinder,
          uniq_terence, uniq_ijyb, uniq_jessica, uniq_robin
D:4:      layout_loops_cross, chequers_serial_rivers_micro_c,
          serial_bayou_pond_b
D:5:      nicolae_cairo_tiling, layout_cave_pods, mainiacjoe_overflow_24_doors,
          grunt_ministairs_1
D:6:      layout_basic, mainiacjoe_overflow_boulevard,
          nicolae_ru_the_path_less_chosen, minmay_temple_entry_grid
D:7:      layout_cave_pods, okawaru_metal_pillars_1_2, nzn_ghost_randoct
D:8:      layout_basic, gammafunk_temple_overflow_wave, dpeg_lair_monsters,
          uniq_grum
D:9:      layout_stronghold, tgw_trog
Temple:   dshaligram_water_room_temple
Lair:1:   layout_gridlike, infiniplex_staircase_pool, grunt_megastairs_2,
          uniq_fannar
Lair:2:   layout_misc_corridors, dummy_spider_entry
Lair:3:   layout_loops_ring

Skill      XL: |  1  2  3  4  5  6  7  8  9 10 |
---------------+-------------------------------+-----
Unarmed Combat | 3 4 5 6 7 8 9 10 12 | 12.1
Fighting       | 3 4 5 7 |  7.4
Dodging        | 4 5 7 9 10 | 10.0
Shields        | |  2.9

Action                   |  1- 3 |  4- 6 |  7- 9 | 10-12 || total
-------------------------+-------+-------+-------+-------++-------
Melee: Unarmed           |    64 |   126 |   275 |   129 ||   594
Throw: Stone             |       |       |     1 |       ||     1
Evoke: Wand              |       |       |     1 |       ||     1
  Use: Scroll            |       |     7 |     7 |     7 ||    21
       Potion            |       |       |       |     5 ||     5
Armor: Robe              |    21 |    26 |    78 |    43 ||   168
Dodge: Dodged            |    16 |    28 |   146 |   159 ||   349
Block: Kite shield       |    30 |    37 |   139 |    73 ||   279
